 Dungeon Crawl Stone Soup version 0.19-a0-1903-gead39cf (webtiles) character file.

470 JeffiDaFish the Slasher (level 7, -3/60 HPs)
             Began as a Hill Orc Fighter on Oct 20, 2016.
             Slain by JeffiDaFish's ghost (11 damage)
             ... on level 4 of the Dungeon.
             The game lasted 00:11:37 (2846 turns).

JeffiDaFish the Slasher (Hill Orc Fighter)          Turns: 2846, Time: 00:11:38

Health: -3/60      AC:  9    Str: 20    XL:     7   Next: 9%
Magic:  7/7        EV:  5    Int:  8    God:
Gold:   246        SH: 11    Dex: 13    Spells: 0 memorised, 6 levels left

rFire  . . .     SeeInvis .     a - +0 long sword
rCold  . . .     Gourm    .     e - +0 chain mail
rNeg   . . .     Faith    .     c - +1 shield
rPois  .         Spirit   .     (helmet restricted)
rElec  .         Reflect  .     (no cloak)
rCorr  .         Harm     .     (no gloves)
MR     .....                    (no boots)
Stlth  ..........               (no amulet)
                                (no ring)
                                i - +2 ring of dexterity

@: no status effects
A: beak
a: no special abilities


You were on level 4 of the Dungeon.
You were not hungry.

You visited 1 branch of the dungeon, and saw 4 of its levels.

You collected 246 gold pieces.

Inventory:

Hand Weapons
 a - a +0 long sword (weapon)
Missiles
 n - 7 curare-tipped needles (quivered)
Armour
 c - a +1 shield (worn)
 e - a +0 chain mail (worn)
Jewellery
 i - a +2 ring of dexterity (left hand)
Wands
 m - a wand of random effects (30/48)
Scrolls
 k - a scroll of identify
Potions
 d - 2 potions of might
 l - a potion of flight
Comestibles
 b - 2 fruits
 f - 5 bread rations
 g - 2 slices of pizza
 h - a beef jerky
 j - 3 chunks of flesh


   Skills:
 + Level 4.8 Fighting
 + Level 5.2 Long Blades
 + Level 4.7 Armour
 + Level 0.4 Dodging
 + Level 0.3 Stealth
 + Level 5.2 Shields


You had 6 spell levels left.
You didn't know any spells.

Dungeon Overview and Level Annotations

Branches:
Dungeon (4/15)
 Temple: D:4-7

Altars:
Cheibriados
Nemelex Xobeh
Uskayaw
Xom
Zin

Annotations:
D:4 JeffiDaFish's ghost, amateur HOFi


Innate Abilities, Weirdness & Mutations

You have a beak for a mouth.


Message History

JeffiDaFish's ghost is severely damaged.
JeffiDaFish's ghost hits you.
* * * LOW HITPOINT WARNING * * *
You block JeffiDaFish's ghost's attack.
Your shield and chain mail prevent you from hitting JeffiDaFish's ghost.
You peck JeffiDaFish's ghost.
JeffiDaFish's ghost is severely damaged.
You block JeffiDaFish's ghost's attack.
You hit JeffiDaFish's ghost.
You peck JeffiDaFish's ghost, but do no damage.
JeffiDaFish's ghost is severely damaged.
JeffiDaFish's ghost completely misses you.
You hit JeffiDaFish's ghost but do no damage.
You peck JeffiDaFish's ghost.
JeffiDaFish's ghost is almost destroyed.
JeffiDaFish's ghost completely misses you.
You hit JeffiDaFish's ghost but do no damage.
JeffiDaFish's ghost is almost destroyed.
JeffiDaFish's ghost hits you!
You die...

#....#..# +<...#.#
#......###....#.#
#.......##....#.# #
#.....#.##....#.#
#.###.....#..#....#.#
#.........##.#....#.#
####......##.#.......
####
#.#######.##'##..#
#=...#@### #.##.##...
#.W.).# #.....#...
#.....# #..####...
##....# #.....#..#
#....# ##.#.##..#
#)...# #...##..<
#....# ##......#
#....# #...#..#
#....# ####.)#..#


You could see JeffiDaFish's ghost.

Vanquished Creatures
  An ogre (D:4)
  A howler monkey (D:4)
  A bullfrog skeleton (D:4)
  An orc wizard (D:4)
  Natasha (thrice) (D:3)
  2 worker ants (D:4)
  3 gnolls (D:3)
  5 adders
  An ooze (D:2)
  2 adder skeletons (D:4)
  A worm (D:3)
  A dart slug (D:4)
  2 orcs (D:4)
  10 bats
  5 giant cockroaches
  10 goblins
  5 hobgoblins
  10 jackals
  A quokka (D:3)
  A ball python (D:4)
  7 frilled lizards
  8 kobolds
  11 rats
92 creatures vanquished.

Notes
Turn   | Place    | Note
-------+----------+-------------------------------------------
     0 | D:1      | JeffiDaFish the Hill Orc Fighter began the quest for the Orb.
     0 | D:1      | Reached XP level 1. HP: 19/19 MP: 1/1
   111 | D:1      | Reached XP level 2. HP: 27/27 MP: 2/2
   360 | D:2      | Found a snail-covered altar of Cheibriados.
   431 | D:2      | Reached XP level 3. HP: 33/33 MP: 3/3
   533 | D:2      | Found a shimmering altar of Xom.
   544 | D:2      | Found a hide-covered altar of Uskayaw.
   833 | D:2      | Found a glowing silver altar of Zin.
  1037 | D:2      | Reached XP level 4. HP: 36/40 MP: 4/4
  1313 | D:3      | Gained mutation: You have a beak for a mouth. [potion of beneficial mutation]
  1316 | D:3      | Found a sparkling altar of Nemelex Xobeh.
  1400 | D:3      | Noticed Natasha
  1406 | D:3      | Killed Natasha
  1454 | D:3      | Reached XP level 5. HP: 46/46 MP: 5/5
  1882 | D:3      | Noticed Natasha
  1895 | D:3      | Killed Natasha
  2034 | D:3      | Noticed Natasha
  2043 | D:3      | Killed Natasha
  2079 | D:4      | Reached XP level 6. HP: 44/53 MP: 6/6
  2454 | D:4      | Reached skill level 5 in Long Blades
  2725 | D:4      | Reached skill level 5 in Shields
  2725 | D:4      | Reached XP level 7. HP: 60/60 MP: 7/7
  2822 | D:4      | Noticed JeffiDaFish's ghost (amateur HOFi)
  2846 | D:4      | Slain by JeffiDaFish's ghost

Vault maps used:
D:1:      saegor_arrival_simple_c
D:2:      overflow_temple_1_default, minitemple, cheibriados_altar_1
D:3:      nemelex_xobeh_ov_fountains_minmay, uniq_natasha
D:4:      lemuel_zombie_altar_yredelemnul, first_bread, minmay_box_of_dots

Skill      XL: |  1  2  3  4  5  6 |
---------------+-------------------+-----
Fighting       | 4 |  4.8
Long Blades    | 3 4 5 |  5.2
Shields        | 4 5 |  5.2
Armour         | 4 |  4.7
Dodging        | |  0.4
Stealth        | |  0.3

Action                   |  1- 3 |  4- 6 |  7- 9 || total
-------------------------+-------+-------+-------++-------
Melee: Long sword        |   136 |   173 |    37 ||   346
       Peck              |       |    26 |    15 ||    41
  Use: Scroll            |     2 |     3 |       ||     5
       Potion            |     2 |     3 |       ||     5
  Eat: Chunk             |     1 |     4 |     1 ||     6
       Pizza             |       |     1 |       ||     1
Armor: Scale mail        |    68 |       |       ||    68
       Chain mail        |     2 |   106 |     6 ||   114
Dodge: Dodged            |    50 |    43 |     3 ||    96
Block: Shield            |    67 |   112 |    20 ||   199
       Rpst.: Long sword |    16 |     9 |       ||    25
